 Dungeon Crawl Stone Soup version 0.29.1-13-g9f3cf754e1 (webtiles) character file.

Game seed: 17020673920960331336

19784 bjubeck the Protected (level 12, 0/115 HPs)
             Began as a Minotaur Fighter on Feb 2, 2023.
             Was a Priest of Makhleb.
             Slain by a four-headed hydra (1 damage)
             ... on level 14 of the Dungeon on Feb 3, 2023.
             The game lasted 01:18:01 (11929 turns).

bjubeck the Protected (Minotaur Fighter)           Turns: 11929, Time: 01:18:03

Health: 0/115      AC: 24    Str: 25    XL:     12   Next: 39%
Magic:  17/17      EV:  9    Int:  5    God:    Makhleb [***...]
Gold:   437        SH: 12    Dex: 11    Spells: 11/11 levels left

rFire   . . .      SeeInvis .   Q - +4 scimitar (flame)
rCold   . . .      Faith    .   N - +2 buckler of Nuesch {rPois rN+}
rNeg    + . .      Spirit   .   n - +0 crystal plate armour
rPois   +          Reflect  +   (helmet restricted)
rElec   .          Harm     .   (no cloak)
rCorr   .          Rampage  .   L - +0 pair of gloves
Will    .....                   (no boots)
Stlth   ..........              U - amulet of reflection
HPRegen 0.29/turn               B - +4 ring of evasion
MPRegen 0.15/turn               R - ring of poison resistance

@: slowed, very slow
A: horns 2, retaliatory headbutt
a: Renounce Religion, Minor Destruction, Lesser Servant of Makhleb


You were on level 14 of the Dungeon.
You worshipped Makhleb.
Makhleb was most pleased with you.
You visited 1 branch of the dungeon, and saw 14 of its levels.
You also visited: Sewer.

You collected 782 gold pieces.
You spent 345 gold pieces at shops.

Inventory:

Hand Weapons
 v - a +0 shortbow
 H - a +2 vorpal hand axe
 Q - a +4 scimitar of flaming (weapon)
 W - a +1 vorpal battleaxe
Missiles
 s - 28 poisoned darts (quivered)
 z - 2 curare-tipped darts
 S - 2 throwing nets
 X - 2 javelins
 Z - 3 silver javelins
Armour
 i - a +2 chain mail of poison resistance
 n - a +0 crystal plate armour (worn)
 L - a +0 pair of gloves (worn)
 N - the +2 buckler of Nuesch (worn) {rPois rN+}
   (You bought it in a shop on level 9 of the Dungeon)

   rPois:     It protects you from poison.
   rN:        It protects you from negative energy.
Jewellery
 a - a ring of protection from fire
 t - an amulet of regeneration
 B - a +4 ring of evasion (left hand)
 R - a ring of poison resistance (right hand)
 U - an amulet of reflection (around neck)
 V - a ring of resist corrosion
Wands
 u - a wand of charming (13)
 G - a wand of flame (16)
 O - a wand of iceblast (8)
 P - a wand of digging (1)
 T - a wand of polymorph (4)
Scrolls
 b - 4 scrolls of magic mapping
 e - 3 scrolls of vulnerability {unknown}
 g - 7 scrolls of identify
 h - 2 scrolls of teleportation
 j - 2 scrolls of silence {unknown}
 l - 4 scrolls of fear {unknown}
 r - 2 scrolls of immolation {unknown}
 w - 7 scrolls of enchant armour
 x - 6 scrolls of poison {unknown}
 y - 7 scrolls of noise {unknown}
 A - 2 scrolls of butterflies {unknown}
 F - 2 scrolls of blinking {unknown}
Potions
 d - 3 potions of might
 f - 5 potions of flight
 k - a potion of invisibility {unknown}
 m - 2 potions of attraction {unknown}
 o - 5 potions of lignification {unknown}
 p - 16 potions of curing
 q - 3 potions of cancellation
 C - 5 potions of mutation {unknown}
 D - 7 potions of brilliance
 E - 2 potions of resistance {unknown}
 J - a potion of haste {unknown}
 K - a potion of degeneration {unknown}
Miscellaneous
 c - a phial of floods
 M - a box of beasts


   Skills:
 * Level 13.1 Fighting
 * Level 12.9 Axes
 * Level 13.2 Armour
 - Level 5.5 Shields
 * Level 8.9 Invocations


You had 11 spell levels left.
You didn't know any spells.
Your spell library contained the following spells:

 Spells                   Type           Power      Damage    Failure   Level
 Apportation              Tloc           0%         N/A       100%        1
 Beastly Appendage        Tmut           0%         N/A       100%        1
 Freeze                   Ice            0%         1d3       100%        1
 Magic Dart               Conj           0%         1d3       100%        1
 Necrotise                Necr           0%         1d4       100%        1
 Sandblast                Erth           0%         2d4       100%        1
 Sting                    Tmut/Pois      0%         1d3       100%        1
 Call Imp                 Summ           0%         N/A       100%        2
 Passwall                 Tmut/Erth      0%         N/A       100%        2
 Poisonous Vapours        Pois/Air       0%         N/A       100%        2
 Frozen Ramparts          Ice            0%         1d1       100%        3
 Mephitic Cloud           Conj/Pois/Air  0%         N/A       100%        3
 Stone Arrow              Conj/Erth      0%         3d7       100%        3
 Vampiric Draining        Necr           0%         2d6       100%        3
 Anguish                  Hex/Necr       0%         N/A       100%        4
 Hailstorm                Conj/Ice       0%         3d3       100%        4
 Ice Form                 Ice/Tmut       0%         N/A       100%        4
 Olgreb's Toxic Radiance  Pois           0%         N/A       100%        4
 Petrify                  Tmut/Erth      0%         N/A       100%        4
 Summon Ice Beast         Ice/Summ       0%         N/A       100%        4
 Agony                    Necr           0%         N/A       100%        5
 Alistair's Intoxication  Tmut/Pois      0%         N/A       100%        5
 Blade Hands              Tmut           0%         N/A       100%        5
 Irradiate                Conj/Tmut      0%         3d11      100%        5
 Metabolic Englaciation   Hex/Ice        0%         N/A       100%        5
 Conjure Ball Lightning   Conj/Air       0%         3x3d6     100%        6
 Statue Form              Tmut/Erth      0%         N/A       100%        6
 Dragon Form              Tmut           0%         N/A       100%        7
 Enfeeble                 Hex            0%         N/A       100%        7


Dungeon Overview and Level Annotations

Branches:
Dungeon (15/15)            Temple (0/1) D:6             Orc (0/2) D:11
 Depths (0/4) D:15          Sewer (visited)
   Lair: D:8-11      Vaults: D:13-14

Altars:
Ashenzari
Cheibriados
Dithmenos
Elyvilon
Fedhas
Makhleb
Okawaru
Qazlal
Trog
Uskayaw
Xom
Yredelemnul
The Shining One

Shops:
D:9 *

Annotations:
D:10 Fannar


Innate Abilities, Weirdness & Mutations

You have a pair of horns on your head.
You reflexively headbutt those who attack you in melee.


Message History

The six-headed hydra closely misses you.
The six-headed hydra bites you but does no damage. x2
The vampire mosquito bites you but does no damage.
As you read the scroll of teleportation, it crumbles to dust.
You feel strangely unstable. The vampire mosquito barely misses you.
The freezing wraith completely misses you.
The freezing wraith closely misses you.
You block the six-headed hydra's attack.
The six-headed hydra completely misses you.
The six-headed hydra bites you but does no damage.
The six-headed hydra closely misses you.
The six-headed hydra bites you!
* * * LOW HITPOINT WARNING * * *
You block the six-headed hydra's attack.
You block the vampire mosquito's attack.
You hit the six-headed hydra. You burn the six-headed hydra.
The six-headed hydra is heavily wounded.
You block the vampire mosquito's attack. x2
The freezing wraith hits you but does no damage.
The freezing wraith hits you.
* * * LOW HITPOINT WARNING * * *
The freezing wraith drains your vigour!
You feel yourself slow down.
The six-headed hydra bites you but does no damage.
The six-headed hydra barely misses you.
The six-headed hydra bites you but does no damage. x2
You block the six-headed hydra's attack.
The six-headed hydra bites you but does no damage.
You barely miss the six-headed hydra. You headbutt the six-headed hydra!
The six-headed hydra is severely wounded.
Your surroundings suddenly seem different.
The two-headed ogre shouts in stereo!
The two-headed ogre hits you with a +0 giant club!
* * * LOW HITPOINT WARNING * * *
The two-headed ogre completely misses you.
The four-headed hydra barely misses you.
You furiously retaliate!
You headbutt the four-headed hydra!
You block the four-headed hydra's attack.
The four-headed hydra bites you but does no damage.
The four-headed hydra bites you.
You die...

#####################
.............@O..>..#
..............D.°†R.#
##............####.○#
#............# #..#
#............# #..#
#............# #..#
#.....(......# #..#
#............# #..#
#/...........# #..#


You could see a four-headed hydra, a two-headed ogre and an efreet.

Vanquished Creatures
  A hydra (D:12)
  Harold (D:9)
  Erica (D:8)
  A centaur warrior (D:9)
  A two-headed ogre (D:12)
  2 tengu warriors
  Pikel (D:8)
  A wizard (D:9)
  A deep elf pyromancer (D:15)
  3 cyclopes
  2 manticores
  Joseph (D:8)
  A gargoyle (D:8)
  A kobold demonologist (D:10)
  A tengu conjurer (D:12)
  2 trolls
  2 hornets
  Prince Ribbit (D:5)
  5 slime creatures (D:12)
  A vampire (D:9)
  Sigmund (D:5)
  A shadow (D:12)
  5 yaks
  Grum (D:8)
  A basilisk (D:14)
  3 steam dragons
  11 vampire mosquitoes
  5 acid dragons
  A water moccasin (D:9)
  11 orc warriors
  6 wolves (D:8)
  A centaur (shapeshifter) (D:9)
  4 centaurs
  4 lemures (D:8)
  A phantom (D:4)
  4 kobold brigands
  2 necrophages
  2 bullfrogs
  3 gnoll sergeants
  2 scorpions (D:5)
  6 wights
  14 killer bees
  6 howler monkeys
  An electric eel (D:9)
  4 hounds
  2 jellies (D:5)
  9 orc priests
  A gnoll bouda (D:7)
  2 iguanas
  15 orc wizards
  18 gnolls
  11 adders
  2 river rats (Sewer)
  3 white imps
  3 worms
  A dart slug (D:2)
  46 orcs
  2 bats (D:2)
  5 endoplasms
  4 goblins
  2 hobgoblins
  4 jackals
  A quokka (D:2)
  9 ball pythons
  3 frilled lizards (D:2)
  19 kobolds
  8 rats
300 creatures vanquished.

Vanquished Creatures (others)
  An orc (D:8)
  11 plants (D:9)
12 creatures vanquished.

Grand Total: 312 creatures vanquished

Notes
Turn   | Place    | Note
-------+----------+-------------------------------------------
     0 | D:1      | bjubeck the Minotaur Fighter began the quest for the Orb.
     0 | D:1      | Reached XP level 1. HP: 19/19 MP: 0/0
   487 | D:1      | Reached XP level 2. HP: 24/27 MP: 1/1
  1163 | D:2      | Reached XP level 3. HP: 33/33 MP: 2/2
  1851 | D:3      | Reached XP level 4. HP: 35/41 MP: 3/3
  1857 | D:3      | Noticed a centaur
  1879 | D:3      | Killed a centaur
  1880 | D:3      | Reached skill level 5 in Fighting
  1880 | D:3      | Reached skill level 5 in Armour
  1880 | D:3      | Reached XP level 5. HP: 32/48 MP: 4/4
  1951 | D:3      | Identified the +12 dagger of the Parsimonious God {drain,
                  | rElec Will+ Str+7 Int+3}
  2230 | D:4      | Found a shadowy altar of Dithmenos.
  2316 | D:4      | Reached XP level 6. HP: 51/56 MP: 5/5
  2344 | D:4      | Found a glowing drain.
  2361 | Sewer    | Entered a sewer
  2445 | Sewer    | Reached skill level 5 in Axes
  2530 | Sewer    | Found a glowing silver altar of Zin.
  2788 | D:4      | Found a broken altar of Ashenzari.
  2823 | D:4      | Reached XP level 7. HP: 57/63 MP: 6/6
  3041 | D:5      | Entered Level 5 of the Dungeon
  3403 | D:5      | Noticed Sigmund
  3414 | D:5      | Killed Sigmund
  3415 | D:5      | Reached XP level 8. HP: 62/73 MP: 7/7
  3514 | D:5      | Noticed Prince Ribbit
  3528 | D:5      | Killed Prince Ribbit
  3529 | D:5      | Reached skill level 5 in Shields
  4149 | D:6      | Found a burning altar of Makhleb.
  4194 | D:6      | Became a worshipper of Makhleb the Destroyer
  4273 | D:6      | Found a staircase to the Ecumenical Temple.
  4535 | D:7      | Reached skill level 1 in Invocations
  5211 | D:8      | Reached XP level 9. HP: 80/82 MP: 9/9
  5220 | D:8      | Noticed Grum
  5235 | D:8      | Killed Grum
  5366 | D:8      | Noticed a troll
  5375 | D:8      | Killed a troll
  5375 | D:8      | Reached * piety under Makhleb
  5747 | D:8      | Found an iron altar of Okawaru.
  5858 | D:8      | Noticed a gargoyle
  5963 | D:9      | Noticed a death knight
  5970 | D:10     | Entered Level 10 of the Dungeon
  6225 | D:10     | Noticed a kobold demonologist
  6233 | D:10     | Killed a kobold demonologist
  6253 | D:10     | Noticed Fannar
  6613 | D:9      | Found Yfelecsu's Assorted Antiques.
  6730 | D:9      | Reached XP level 10. HP: 93/93 MP: 12/12
  6734 | D:9      | Bought a scorched buckler for 285 gold pieces
  6734 | D:9      | Identified the +2 buckler of Nuesch {rPois rN+} (You bought
                  | it in a shop on level 9 of the Dungeon)
  6734 | D:9      | Bought a scroll of identify for 60 gold pieces
  6797 | D:8      | Found a glowing golden altar of the Shining One.
  6825 | D:8      | Noticed Pikel
  6877 | D:8      | Killed Pikel
  6878 | D:8      | Reached skill level 10 in Fighting
  6878 | D:8      | Reached skill level 10 in Armour
  6970 | D:8      | Noticed Erica
  6988 | D:8      | Killed Erica
  6989 | D:8      | Reached skill level 10 in Axes
  6989 | D:8      | Reached skill level 5 in Invocations
  7057 | D:8      | Noticed Joseph
  7075 | D:8      | Killed Joseph
  7075 | D:8      | Reached ** piety under Makhleb
  7244 | D:8      | Killed a gargoyle
  7264 | D:8      | Noticed a cyclops
  7424 | D:8      | Killed a cyclops
  7902 | D:9      | Found a hide-covered altar of Uskayaw.
  7902 | D:9      | Found a snail-covered altar of Cheibriados.
  7905 | D:9      | Found a stormy altar of Qazlal.
  7907 | D:9      | Found a blossoming altar of Fedhas.
  7908 | D:9      | Found a white marble altar of Elyvilon.
  7908 | D:9      | Found a basalt altar of Yredelemnul.
  7909 | D:9      | Found a shimmering altar of Xom.
  7910 | D:9      | Found a bloodstained altar of Trog.
  8082 | D:9      | Noticed Harold
  8083 | D:9      | Noticed a wizard
  8101 | D:9      | Killed Harold
  8102 | D:9      | Reached XP level 11. HP: 79/102 MP: 14/14
  8104 | D:9      | Killed a wizard
  8119 | D:9      | Noticed a centaur warrior
  8139 | D:9      | Killed a centaur warrior
  8192 | D:9      | Reached *** piety under Makhleb
  9619 | D:10     | Got the Anthology of Fog and Permutations
  9971 | D:11     | Found a staircase to the Orcish Mines.
 10073 | D:11     | Reached **** piety under Makhleb
 10707 | D:12     | Noticed a tengu warrior
 10730 | D:12     | Killed a tengu warrior
 10731 | D:12     | Reached XP level 12. HP: 65/113 MP: 17/17
 10854 | D:12     | Noticed a two-headed ogre
 10870 | D:12     | Killed a two-headed ogre
 11127 | D:12     | Noticed a five-headed hydra
 11155 | D:12     | Killed a 15-headed hydra
 11508 | D:12     | You fall into a shaft and drop 3 floors!
 11508 | D:15     | Entered Level 15 of the Dungeon
 11582 | D:15     | Noticed a tengu warrior
 11605 | D:15     | Killed a tengu warrior
 11900 | D:14     | Noticed a four-headed hydra
 11901 | D:14     | Noticed a two-headed ogre
 11914 | D:15     | Noticed a seven-headed hydra
 11921 | D:15     | Found a staircase to the Depths.
 11922 | D:15     | Noticed a stone giant
 11929 | D:14     | HP: 1/115 [two-headed ogre/+0 giant club (9)]
 11929 | D:14     | Slain by a four-headed hydra

Illustrated notes

Levels and vault maps discovered:
D:1:      erik_arrival_blinker_ship, layout_loops_cross,
          amcnicky_mini_corridor_feature
D:2:      layout_basic, serial_corexii_hall, corexii_hall_statues_s,
          corexii_hall_statues_x, corexii_hall_statues_x,
          guppyfry_early_lair_pool
D:3:      layout_rooms
D:4:      layout_rooms, mainiacjoe_overflow_boulevard,
          nicolae_dithmenos_the_darkroom, cheibrodos_sewer_entry_bend
D:5:      layout_gridville, uniq_prince_ribbit1, uniq_sigmund
D:6:      layout_gridville, mainiacjoe_overflow_alcove_4, temple_hall_moat,
          chequers_garden
D:7:      layout_loops_cross
D:8:      layout_basic, okawaru_gym_becter, kennysheep_little_box,
          erik_lair_island, minmay_misc_feat_secret_circle,
          minmay_chambers_of_fives, uniq_erica, uniq_grum, uniq_joseph,
          uniq_pikel
D:9:      nzn_winding_woodlands_stair_cross
          [nzn_winding_woodlands_5x15_river_crossing,
          nzn_winding_woodlands_center_triple_pond,
          nzn_winding_woodlands_5x15_zeroes, nzn_winding_woodlands_hourglass,
          nzn_winding_woodlands_5x5_three,
          nzn_winding_woodlands_5x15_pathside_ponds,
          nzn_winding_woodlands_center_garden,
          nzn_winding_woodlands_5x15_jagged], layout_small_grid,
          grunt_temple_overflow_open, serial_shops, nicolae_stop_n_shop_2,
          minmay_librarian, uniq_harold
D:10:     layout_roguey, uniq_fannar
D:11:     layout_irregular_city, erik_orc_4
D:12:     minmay_firetagon, layout_gridville, bloody_makhleb, uniq_sonja
D:14:     layout_long_grid, nicolae_hepliaklqana_hippocampus, uniq_roxanne
D:15:     grunt_enter_depths_giant_problem, layout_gridville,
          nicolae_kikubaaqudgha_miasma_corner, kennysheep_doodads,
          chequers_serial_rivers_micro_e

Skill      XL: |  1  2  3  4  5  6  7  8  9 10 11 12 |
---------------+-------------------------------------+-----
Armour         | 4 5 6 7 8 9 11 12 13 | 13.2
Fighting       | 4 5 6 7 8 9 11 12 13 | 13.1
Axes           | 3 4 5 6 8 9 10 12 | 12.9
Shields        | 4 5 |  5.5
Invocations    | 2 4 6 8 |  8.9

Action                   |  1- 3 |  4- 6 |  7- 9 | 10-12 || total
-------------------------+-------+-------+-------+-------++-------
Melee: War axe           |    90 |   114 |    79 |       ||   283
       Headbutt          |    15 |    12 |    73 |   127 ||   227
       Hand axe          |       |       |   276 |   565 ||   841
       Scimitar          |       |       |       |     4 ||     4
Throw: Dart              |     2 |     1 |    36 |    38 ||    77
       Throwing net      |     1 |       |     1 |     1 ||     3
       Javelin           |       |       |     3 |       ||     3
Invok: Lesser Servant of |       |       |       |     5 ||     5
Evoke: Wand              |       |       |       |     2 ||     2
  Use: Scroll            |       |       |    10 |     2 ||    12
       Potion            |       |       |     1 |     1 ||     2
 Stab: Held in net/web   |       |       |     1 |       ||     1
Armor: Chain mail        |    48 |    80 |   121 |    44 ||   293
       Scale mail        |     2 |       |       |       ||     2
       Crystal plate arm |       |       |       |   296 ||   296
Dodge: Dodged            |    41 |    41 |   162 |   222 ||   466
Block: Buckler           |    18 |    32 |    75 |   287 ||   412
       Reflection        |       |       |       |     6 ||     6
